 Dungeon Crawl Stone Soup version 0.24-a0-618-ge4662a2 (webtiles) character file.

Game seed: 5450280696881145542, levelgen mode: deterministic

27 BoppinsLewinski the Skirmisher (level 2, -2/24 HPs)
             Began as a Demonspawn Fighter on Sept 16, 2019.
             Slain by an ogre
             ... wielding a +0 giant spiked club
              (26 damage)
             ... on level 2 of the Dungeon.
             The game lasted 00:01:12 (1039 turns).

BoppinsLewinski the Skirmisher (Demonspawn Fighter) Turns: 1039, Time: 00:01:12

Health: -2/24      AC:  6    Str: 21    XL:     2   Next: 93%
Magic:  2/2        EV:  7    Int:  9    God:
Gold:   89         SH:  9    Dex: 12    Spells: 1/1 levels left

rFire    . . .     SeeInvis .   a - +0 trident
rCold    . . .     Gourm    .   c - +0 shield
rNeg     . . .     Faith    .   b - +0 scale mail
rPois    .         Spirit   .   (no helmet)
rElec    .         Reflect  .   (no cloak)
rCorr    .         Harm     .   (no gloves)
MR       .....                  (no boots)
Stlth    ..........             (no amulet)
HPRegen  0.08/turn              (no ring)
MPRegen  0.08/turn              (no ring)

@: mighty
A: sanguine armour 1
a: no special abilities


You were on level 2 of the Dungeon.
You were hungry.

You visited 1 branch of the dungeon, and saw 2 of its levels.

You collected 89 gold pieces.

Inventory:

Hand Weapons
 a - a +0 trident (weapon)
Armour
 b - a +0 scale mail (worn)
 c - a +0 shield (worn)
Jewellery
 m - an uncursed ring of poison resistance {unknown}
Scrolls
 e - 2 scrolls of identify {unknown}
 g - a scroll of blinking {unknown}
 h - a scroll of amnesia {unknown}
 j - a scroll of immolation {unknown}
 k - a scroll of remove curse {unknown}
 l - a scroll of random uselessness {unknown}
 o - a scroll of teleportation {unknown}
Potions
 i - a potion of agility {unknown}
 n - a potion of brilliance {unknown}
Comestibles
 f - a ration


   Skills:
 + Level 3.2 Fighting
 * Level 2.3 Polearms
 + Level 2.8 Armour
 + Level 0.6 Dodging
 + Level 2.9 Shields


You had one spell level left.
You didn't know any spells.
Your spell library was empty.

Dungeon Overview and Level Annotations

Branches:
Dungeon (2/15)

Altars:
Trog
The Shining One


Innate Abilities, Weirdness & Mutations

When seriously injured, your bleeding wounds create armour. (AC +0)


Message History

Nay target in view!
Found a glowin' gold'n altar o' tha Shinin' 'un.
Nay target in view!
Ye now haf 72 gold pieces (gain'd 11).
Ye be feelin' hungry.
Nay target in view!
Nay target in view!
n - an amethyst potion
Found a stone staircase leadin' down.
o - a scroll labeled IKHEKKIAKK HP restored.
Ye now haf 89 gold pieces (gain'd 17).
An ogre comes inta view.
It be wieldin' a +0 giant spiked club.
Ye feel very mighty all o' a sudd'n.
Ye block tha ogre's attack.
Ye puncture tha ogre!
Tha ogre be heavily wounded.
Tha ogre hits ye wit' a +0 giant spiked club!!
Ouch! Tha re'lly hurt!
Ye die...

..# #.# ######
#.####.# #....#
.......#####.##.#
..........##.##.#
..........##.##.#
.............##.#
.....####.#####.#
#########.#
#.####.###
..........#
#.@O......
...########
#..#...... ....#
#..# ..... ##..#
#..# .... ..#
#..# ... ##..#
#........... ..
....#
#........... #
###.#
#...........
....#
#...........


You could see an ogre.

Vanquished Creatures
  An ooze (D:1)
  2 dart slugs (D:1)
  3 giant cockroaches
  2 goblins
  2 hobgoblins (D:1)
  A bat (D:1)
  A frilled lizard (D:1)
  2 kobolds (D:1)
  5 rats
19 creatures vanquished.

Notes
Turn   | Place    | Note
-------+----------+-------------------------------------------
     0 | D:1      | BoppinsLewinski the Demonspawn Fighter began the quest for
                  | the Orb.
     0 | D:1      | Reached XP level 1. HP: 18/18 MP: 1/1
   220 | D:1      | Gained mutation: When seriously injured, your bleeding
                  | wounds create armour. (AC +0) [demonic ancestry]
   220 | D:1      | Reached XP level 2. HP: 23/24 MP: 2/2
   889 | D:2      | Found a bloodstained altar of Trog.
   976 | D:2      | Found a glowing golden altar of the Shining One.
  1036 | D:2      | Noticed an ogre
  1039 | D:2      | Slain by an ogre

Levels and vault maps discovered:
D:1:      ncdulo_lavacross, layout_loops_ring, serial_rivers,
          chequers_serial_rivers_large_a, chequers_serial_rivers_small_3,
          chequers_serial_rivers_small_3, chequers_serial_rivers_large_b,
          roderic_roman_lattice
D:2:      layout_basic, bloody_trog, overflow_temple_1_default,
          lemuel_doored_altar, nicolae_overflow_crystal_walls

Skill      XL: |  1 |
---------------+----+-----
Polearms       | 2 |  2.3
Fighting       | |  3.2
Armour         | |  2.8
Dodging        | |  0.6
Shields        | |  2.9

Action                   || total
-------------------------++-------
Melee: Trident           ||    68
  Use: Potion            ||     1
Armor: Scale mail        ||    17
Dodge: Dodged            ||    15
Block: Shield            ||    24

Table legend:
 A = Non-vault XP
 B = Vault XP
 C = Vault XP percentage of total XP
 D = Non-vault monster count
 E = Vault monster count
 F = Vault count percentage of total count
                 A         B        C        D         E       F
            +---------+---------+-------+---------+---------+-------
      Total |      39 |       0 |   0.0 |      19 |       0 |   0.0
            +---------+---------+-------+---------+---------+-------
        D:1 |      31 |       0 |   0.0 |      14 |       0 |   0.0
        D:2 |       8 |       0 |   0.0 |       5 |       0 |   0.0
            +---------+---------+-------+---------+---------+-------
